 Dungeon Crawl Stone Soup version 0.30.1-4-g462c640d31 (webtiles) character file.

Game seed: 12154344212836912639

99457 Wiggles the Executioner (level 15, -10/143 HPs)
             Began as a Minotaur Berserker on Sept 8, 2023.
             Was a High Priest of Trog.
             Mangled by a merfolk
             ... wielding a +0 glaive
             ... led by a merfolk impaler
              (16 damage)
             ... on level 3 of the Shoals.
             The game lasted 00:39:18 (23320 turns).

Wiggles the Executioner (Minotaur Berserker)       Turns: 23320, Time: 00:39:18

Health: -10/143    AC: 33    Str: 27    XL:     15   Next: 77%
Magic:  23/23      EV: 12    Int:  5    God:    Trog [*****.]
Gold:   686        SH:  0    Dex: 22    Spells: 14/14 levels left

rFire   . . .        Q - +10 dark maul {heavy}
rCold   . . .        (shield currently unavailable)
rNeg    . . .        e - +5 plate armour of the Irksome God {MP+9 Int+3 Dex+4}
rPois   .            r - +2 hat
rElec   .            z - +0 cloak {Stlth+}
rCorr   .            b - +2 pair of gloves
SInv    .            y - +2 pair of boots {rampage}
Will    ++...        K - amulet of the Firefly {RegenMP Fly Regen+ Int-2 Slay+5} Stlth
                     d - +6 ring of dexterity
HPRegen 1.23/turn    G - ring of willpower
MPRegen 0.58/turn

%: rampage
@: flying
A: horns 2, retaliatory headbutt
a: Renounce Religion, Berserk, Trog's Hand, Brothers in Arms


You were on level 3 of the Shoals.
You worshipped Trog.
Trog was extremely pleased with you.
You visited 4 branches of the dungeon, and saw 25 of its levels.
You also visited: Gauntlet.

You collected 2824 gold pieces.
You spent 2138 gold pieces at shops.

Inventory:

Hand Weapons
 Q - the +10 dark maul (weapon) {heavy}
   (You took it off a two-headed ogre on level 1 of the Orcish Mines)
 T - a +2 executioner's axe of chaos
Armour
 b - a +2 pair of gloves (worn)
 e - the +5 plate armour of the Irksome God (worn) {MP+9 Int+3 Dex+4}
   (You acquired it on level 6 of the Dungeon)

   Int:       It affects your intelligence (+3).
   Dex:       It affects your dexterity (+4).
   MP:        It affects your magic capacity (+9).
 r - a +2 hat (worn)
 y - a +2 pair of boots of rampaging (worn)
 z - a +0 cloak of stealth (worn)
Jewellery
 d - a +6 ring of dexterity (left hand)
 l - a ring of protection from cold
 t - a ring of flight
 D - an amulet of reflection
 G - a ring of willpower (right hand)
 K - the amulet of the Firefly (around neck) {RegenMP Fly Regen+ Int-2 Slay+5}
   (You bought it in a shop on level 1 of the Dungeon)

   [amulet of magic regeneration]

   It increases your rate of magic regeneration.
   Int:       It affects your intelligence (-2).
   Slay:      It affects your accuracy & damage with ranged weapons and melee
   (+5).
   Fly:       It grants you flight.
   Regen:     It increases your rate of health regeneration.
 L - a ring of protection from fire
 M - an amulet of the acrobat
 O - a ring of poison resistance
 P - a +6 ring of dexterity
Wands
 c - a wand of mindburst (30)
 n - a wand of polymorph (12)
 q - a wand of roots (5)
 u - a wand of light (15)
 H - a wand of digging (11)
 J - a wand of flame (48)
 N - a wand of charming (21)
Scrolls
 g - 2 scrolls of identify
 h - 5 scrolls of blinking
 m - 5 scrolls of silence
 p - 2 scrolls of magic mapping
 C - 13 scrolls of teleportation
 U - 2 scrolls of fear
Potions
 a - 3 potions of attraction
 f - 7 potions of curing
 i - 4 potions of berserk rage
 j - 3 potions of resistance
 o - 3 potions of invisibility
 s - 8 potions of magic
 v - 5 potions of flight
 x - 6 potions of haste
 A - a potion of lignification
 E - 2 potions of ambrosia
 F - 9 potions of mutation
 I - 7 potions of might
 S - a potion of cancellation {unknown}
Miscellaneous
 k - a piece from Xom's chessboard (15/15)
 B - a condenser vane
 R - a phantom mirror


   Skills:
 + Level 15.8 Fighting
 + Level 21.2(22.0) Axes
 + Level 9.9(16.8) Maces & Flails
 + Level 16.4 Armour
 + Level 5.5 Dodging
 + Level 4.3 Stealth
 + Level 7.3 Shields


You had 14 spell levels left.
You didn't know any spells.
Your spell library was empty.

Dungeon Overview and Level Annotations

Branches:
Dungeon (15/15)            Temple (0/1) D:5            Lair (5/5) D:9
 Shoals (3/4) Lair:2       Spider (0/4) Lair:3        Slime (0/5) Lair:5
    Orc (2/2) D:10            Elf (0/3) Orc:2        Vaults (0/5) D:14
 Depths (0/4) D:15        Gauntlet (visited)

Altars:
Dithmenos
Elyvilon
Gozag
Kikubaaqudgha
Qazlal
Sif Muna
Uskayaw
Jiyva

Shops:
D:1 =   D:7 !(![*   D:15 (=   Orc:1 =   Orc:2 [([:   Shoals:1 *


Innate Abilities, Weirdness & Mutations

You have a pair of horns on your head.
You reflexively headbutt those who attack you in melee.


Message History

* * * LOW HITPOINT WARNING * * *
The skyshark bites you!!
* * * LOW HITPOINT WARNING * * *
The skyshark closely misses you. The skyshark barely misses you.
The sea snake bites you.
* * * LOW HITPOINT WARNING * * *
The merfolk barely misses you.
You feel much better. The skyshark bites you!!
* * * LOW HITPOINT WARNING * * *
The skyshark completely misses you. The skyshark barely misses you.
The sea snake bites you but does no damage.
The merfolk hits you from afar with a +0 glaive.
* * * LOW HITPOINT WARNING * * *
The skyshark barely misses you.
The skyshark tail-slaps you but does no damage. x2
You closely miss the skyshark. You headbutt the skyshark!
The skyshark is heavily wounded.
The sea snake bites you but does no damage.
The skyshark bites you but does no damage.
The skyshark tail-slaps you but does no damage.
The skyshark barely misses you. The merfolk barely misses you.
The sea snake bites you but does no damage.
The skyshark bites you.
* * * LOW HITPOINT WARNING * * *
The skyshark closely misses you.
The skyshark tail-slaps you but does no damage.
The merfolk barely misses you.
The sea snake bites you but does no damage.
The skyshark closely misses you.
The skyshark tail-slaps you but does no damage.
The skyshark misses you.
You pound the skyshark like an anvil!!!!
You kill the skyshark!
Trog accepts your kill. The sea snake bites you!
* * * LOW HITPOINT WARNING * * *
The merfolk hits you but does no damage.
The sea snake completely misses you.
The merfolk hits you from afar with a +0 glaive!
You die...

~~~~~~~~~~~≈≈≈≈≈≈≈≈~
~~~~~~~~~.~~~~~≈≈≈≈≈≈≈~~
~~~⌠§~~[~.~~~~~≈≈≈≈≈≈≈~~
..~.....~~~~~~~~≈≈≈≈≈≈~~
[.~......~~~~~~~≈≈≈≈≈≈≈≈
$.........#..~~~~~≈≈≈≈≈~
..........##..~~~~~≈≈≈≈~
....$$....##.~~~~~~≈≈≈≈~
.......@).#.~~~~~~~~≈≈≈~
......S.)...~$~~~~~≈≈≈≈~
........m.)....~~≈≈≈≈≈~~
....~~~≈≈≈.##..~~≈≈≈≈ ~~
~~....≈≈≈~###..~~≈≈≈≈ ~
......~≈~.# #.P~P≈≈≈≈ ~
.......~..P ...~~≈≈≈≈
.###.?........~~P≈≈≈~
#P.~~..~P~~PP~≈≈~


You could see a sea snake and a merfolk.

Vanquished Creatures
  An orc warlord (Orc:1)
  Louise (D:15)
  Nessos (Orc:2)
  A minotaur (Gauntlet)
  2 ettins
  A merfolk javelineer (Shoals:3)
  A fire dragon (D:15)
  Snorg (Orc:1)
  A yaktaur captain (D:14)
  3 merfolk impalers
  A catoblepas (Lair:5)
  A merfolk avatar (Shoals:2)
  5 hydras
  7 centaur warriors
  An ice dragon (D:15)
  2 boulder beetles
  An alligator snapping turtle (Shoals:3)
  A merfolk aquamancer (Shoals:2)
  6 two-headed ogres
  Urug (D:11)
  4 skysharks
  Amaemon (D:8)
  A bog body (Lair:3)
  5 sea snakes
  An orc knight (Orc:2)
  3 lindwurms (Lair:5)
  An orc sorcerer (Orc:2)
  4 deep elf pyromancers
  2 oklob plants
  8 cyclopes
  13 ugly things
  9 manticores
  3 merfolk sirens
  2 water nymphs
  2 elephants (Lair:5)
  9 cane toads
  4 black mambas
  An eye of devastation (Gauntlet)
  An ice statue (Lair:3)
  Maurice (D:11)
  An orange demon (D:8)
  A torpor snail (Lair:5)
  A minotaur zombie (Gauntlet)
  A gargoyle (D:11)
  2 unseen horrors (D:10)
  10 komodo dragons
  2 kobold demonologists (D:13)
  5 rime drakes
  3 yaktaurs (D:14)
  2 freezing wraiths (D:15)
  2 tengu conjurers (D:14)
  An ice devil (Lair:3)
  8 trolls
  9 merfolk
  4 polar bears
  16 blink frogs
  3 dream sheep
  2 snapping turtles
  6 hornets
  A centaur simulacrum (D:15)
  11 slime creatures (D:13)
  8 water elementals
  6 shadows
  Sigmund (D:3)
  A vampire (D:12)
  4 wraiths
  2 wyverns
  26 yaks
  4 redbacks (Lair:3)
  A golden eye (Gauntlet)
  16 vampire mosquitoes
  2 basilisks
  2 wargs
  A harpy simulacrum (Lair:3)
  12 water moccasins
  A floating eye (Gauntlet)
  22 orc warriors
  An ice beast (D:7)
  2 black bears
  8 wolves
  6 ogres
  7 centaurs
  A phantom (D:7)
  4 kobold brigands
  Blork the orc (D:5)
  A gnoll sergeant (D:6)
  13 bullfrogs
  A scorpion (D:5)
  A hornet simulacrum (D:15)
  21 killer bees
  An elephant simulacrum (Lair:3)
  2 vampire bats (Lair:3)
  An oklob sapling (D:12)
  3 howler monkeys
  A crimson imp (D:8)
  4 hounds
  5 jellies
  24 orc priests
  A sleepcap (D:7)
  5 iguanas
  36 orc wizards
  Crazy Yiuf (D:5)
  Terence (D:3)
  A spriggan simulacrum (Lair:3)
  8 gnolls (D:6)
  9 adders
  A naga simulacrum (Lair:3)
  13 white imps
  5 dart slugs
  121 orcs
  7 endoplasms
  A giant cockroach (D:2)
  3 goblins
  3 hobgoblins
  4 jackals (D:1)
  4 quokkas
  12 ball pythons
  11 bats
  2 frilled lizards (D:1)
  19 kobolds
  3 rats
  A fire vortex (Lair:3)
694 creatures vanquished.

Vanquished Creatures (collateral kills)
  An orc warlord (Orc:2)
  3 orc high priests (Orc:2)
  A skyshark (Lair:5)
  An orc knight (Orc:2)
  2 elephants (Lair:5)
  A black mamba (Lair:5)
  A torpor snail (Lair:3)
  2 cane toads (Lair:5)
  A rime drake (Lair:3)
  A wind drake (Shoals:2)
  A dream sheep (Lair:3)
  A slime creature (D:13)
  A yak (Lair:3)
  2 wargs
  A water moccasin (Lair:5)
  6 orc warriors
  An orc priest (Orc:1)
  5 orc wizards
  20 orcs
52 creatures vanquished.

Grand Total: 746 creatures vanquished

Notes
Turn   | Place    | Note
-------+----------+-------------------------------------------
     0 | D:1      | Wiggles the Minotaur Berserker began the quest for the Orb.
     0 | D:1      | Reached XP level 1. HP: 19/19 MP: 0/0
   123 | D:1      | Found Nojos's Jewellery Shoppe.
   282 | D:1      | Reached XP level 2. HP: 24/27 MP: 1/1
   378 | D:1      | Reached skill level 4 in Axes
   855 | D:2      | Reached ** piety under Trog
   917 | D:2      | Reached XP level 3. HP: 31/33 MP: 2/2
  1112 | D:2      | Found a stormy altar of Qazlal.
  1536 | D:3      | Reached skill level 5 in Axes
  1536 | D:3      | Reached XP level 4. HP: 30/41 MP: 3/3
  1737 | D:3      | Noticed Sigmund
  1748 | D:3      | Killed Sigmund
  1749 | D:3      | Reached skill level 6 in Axes
  1749 | D:3      | Reached XP level 5. HP: 47/47 MP: 4/4
  2040 | D:3      | Found a faded altar of an unknown god.
  2195 | D:3      | Reached XP level 6. HP: 53/53 MP: 5/5
  2276 | D:3      | Noticed Terence
  2284 | D:3      | Killed Terence
  2638 | D:4      | Reached skill level 5 in Fighting
  2647 | D:4      | Reached skill level 7 in Axes
  2651 | D:4      | Reached XP level 7. HP: 28/61 MP: 6/6
  2818 | D:4      | Reached skill level 1 in Stealth
  2821 | D:4      | Reached *** piety under Trog
  3415 | D:5      | Entered Level 5 of the Dungeon
  3456 | D:5      | Noticed Blork the orc
  3461 | D:5      | Killed Blork the orc
  3462 | D:5      | Reached skill level 5 in Armour
  3524 | D:5      | Found a staircase to the Ecumenical Temple.
  3532 | D:5      | Reached skill level 8 in Axes
  3914 | D:5      | Reached XP level 8. HP: 42/70 MP: 7/7
  4054 | D:5      | Found a runed translucent door.
  4055 | D:5      | Noticed Crazy Yiuf
  4107 | D:5      | Killed Crazy Yiuf
  4435 | D:5      | Found a shimmering blue altar of Sif Muna.
  4602 | D:6      | Reached skill level 9 in Axes
  4785 | D:6      | Reached skill level 1 in Shields
  4828 | D:6      | Reached **** piety under Trog
  5296 | D:6      | Identified a scroll of acquirement
  5296 | D:6      | Acquired the +5 plate armour of the Irksome God {MP+9 Int+3
                  | Dex+4}
  5382 | D:7      | Found a white marble altar of Elyvilon.
  5463 | D:7      | Reached skill level 10 in Axes
  5498 | D:7      | Found Muodghoi's Weapon Emporium.
  5531 | D:7      | Found Menn's Armour Shoppe.
  5536 | D:7      | Found Qahesead's General Store.
  5565 | D:7      | Found Jinapsuh's Distillery.
  5574 | D:7      | Bought a potion of heal wounds for 75 gold pieces
  5642 | D:7      | Found Runiorada's Distillery.
  5670 | D:7      | Bought a potion of heal wounds for 70 gold pieces
  5731 | D:7      | Reached XP level 9. HP: 77/77 MP: 8/8
  5799 | D:8      | Noticed Amaemon
  5799 | D:8      | Noticed an orange demon
  5806 | D:8      | Killed an orange demon
  5811 | D:8      | Killed Amaemon
  5812 | D:8      | Reached skill level 11 in Axes
  5983 | D:8      | Noticed a two-headed ogre
  5993 | D:8      | Killed a two-headed ogre
  5994 | D:8      | Reached skill level 12 in Axes
  6671 | D:8      | Reached XP level 10. HP: 86/86 MP: 9/9
  6922 | D:9      | Found a hide-covered altar of Uskayaw.
  6930 | D:9      | Found a staircase to the Lair.
  7015 | D:9      | Reached ***** piety under Trog
  7196 | D:9      | Found a shadowy altar of Dithmenos.
  7296 | D:9      | Found an ancient bone altar of Kikubaaqudgha.
  7527 | D:10     | Entered Level 10 of the Dungeon
  7539 | D:10     | Reached skill level 13 in Axes
  7691 | D:10     | Reached skill level 5 in Shields
  7785 | D:10     | Found a staircase to the Orcish Mines.
  7946 | D:10     | Noticed a centaur warrior
  7967 | D:10     | Killed a centaur warrior
  7968 | D:10     | Reached skill level 14 in Axes
  8034 | D:10     | Reached XP level 11. HP: 83/97 MP: 10/10
  8625 | D:11     | Noticed Maurice
  8631 | D:11     | Noticed a two-headed ogre
  8637 | D:11     | Reached skill level 15 in Axes
  8643 | D:11     | Killed a two-headed ogre
  8643 | D:11     | Received a gift from Trog
  8644 | D:11     | Reached skill level 10 in Armour
  8784 | D:11     | Killed Maurice
  9252 | D:11     | You are sucked into a shaft and drop 2 floors!
  9273 | D:13     | Noticed a deep elf pyromancer
  9275 | D:13     | Reached skill level 10 in Fighting
  9292 | D:13     | Reached skill level 16 in Axes
  9292 | D:13     | Killed a deep elf pyromancer
  9294 | D:13     | Noticed a centaur warrior
  9298 | D:13     | Killed a centaur warrior
  9702 | D:12     | Reached XP level 12. HP: 108/108 MP: 11/11
  9976 | D:12     | Found a gate leading to a gauntlet.
 10013 | Gauntlet | Entered a Gauntlet
 10013 | Gauntlet | Found a transporter.
 10049 | Gauntlet | Found a transporter.
 10051 | Gauntlet | Found a transporter.
 10059 | Gauntlet | Noticed a catoblepas
 10062 | Gauntlet | Found a transporter.
 10065 | Gauntlet | Found a transporter.
 10073 | Gauntlet | Found a transporter.
 10094 | Gauntlet | Found a transporter.
 10106 | Gauntlet | Found a transporter.
 10118 | Gauntlet | Found a transporter.
 10137 | Gauntlet | Found a transporter.
 10151 | Gauntlet | Found a transporter.
 10151 | Gauntlet | Found a transporter.
 10200 | Gauntlet | Found a transporter.
 10215 | Gauntlet | Found a transporter.
 10493 | Gauntlet | Paralysed by a hornet for 2 turns
 10498 | Gauntlet | Paralysed by a hornet for 3 turns
 10731 | Gauntlet | Reached skill level 17 in Axes
 10735 | Gauntlet | Identified the +2 dagger of Circular Logic {freeze, Str+3
                  | Int+3 Stlth+}
 10756 | Gauntlet | Noticed a minotaur
 10765 | Gauntlet | Killed a minotaur
 11362 | D:11     | Noticed Urug
 11368 | D:11     | Killed Urug
 11862 | D:1      | Bought the amulet of the Firefly {RegenMP Fly Regen+ Int-2
                  | Slay+5} for 670 gold pieces
 12090 | D:12     | Received a gift from Trog
 12465 | D:13     | Noticed a centaur warrior
 12475 | D:13     | Killed a centaur warrior
 13000 | D:13     | Reached skill level 18 in Axes
 13386 | Lair:1   | Entered Level 1 of the Lair of Beasts
 13943 | Lair:2   | You are sucked into a shaft and drop 1 floor!
 13953 | Lair:3   | Reached XP level 13. HP: 115/118 MP: 12/12
 14358 | Lair:2   | Reached skill level 5 in Dodging
 14360 | Lair:2   | Reached skill level 19 in Axes
 14539 | Lair:2   | Found a staircase to the Shoals.
 14544 | Lair:2   | Received a gift from Trog
 14908 | Lair:3   | Found a hole to the Spider Nest.
 16196 | Lair:4   | Reached skill level 20 in Axes
 16582 | Lair:5   | Entered Level 5 of the Lair of Beasts
 16689 | Lair:5   | Reached XP level 14. HP: 127/129 MP: 13/13
 17342 | Lair:5   | Found a viscous altar of Jiyva.
 17346 | Lair:5   | Found a staircase to the Slime Pits.
 18417 | D:14     | Found a gate to the Vaults.
 18782 | D:14     | Received a gift from Trog
 19025 | D:15     | Entered Level 15 of the Dungeon
 19163 | D:15     | Reached skill level 15 in Armour
 19338 | D:15     | Reached skill level 21 in Axes
 19388 | D:15     | Identified the +0 spear of Vediargh {freeze, *Slow rC+
                  | Will+++ Dex+3}
 19446 | D:15     | Identified the +0 robe "Agrerec" {Will+ Dex+2}
 19456 | D:15     | Noticed Louise
 19459 | D:15     | Killed Louise
 19606 | D:15     | Found Diczient's Jewellery Shoppe.
 19650 | D:15     | Found a staircase to the Depths.
 19728 | D:15     | Found Urelecupsa's Weapon Emporium.
 19734 | D:15     | Reached skill level 15 in Fighting
 20069 | Orc:1    | Entered Level 1 of the Orcish Mines
 20069 | Orc:1    | Noticed an orc warlord
 20077 | Orc:1    | Killed an orc warlord
 20240 | Orc:1    | Reached XP level 15. HP: 141/141 MP: 14/14
 20311 | Orc:1    | Found Umo Fael's Jewellery Shoppe.
 20311 | Orc:1    | Noticed Snorg
 20314 | Orc:1    | Killed Snorg
 20501 | Orc:2    | Entered Level 2 of the Orcish Mines
 20506 | Orc:2    | Received a gift from Trog
 20515 | Orc:2    | Reached skill level 1 in Maces & Flails
 20813 | Orc:2    | Noticed Nessos
 20814 | Orc:2    | Found a staircase to the Elven Halls.
 20819 | Orc:2    | Killed Nessos
 20991 | Orc:2    | Reached skill level 5 in Maces & Flails
 21071 | Orc:2    | Found Symev's Antique Armour Shop.
 21073 | Orc:2    | Found Letulaoq's Antique Weapon Boutique.
 21170 | Orc:2    | Found Useunuq's Armour Shoppe.
 21270 | Orc:2    | Found Faval's Book Shoppe.
 21311 | Orc:2    | Received a gift from Trog
 21518 | Shoals:1 | Entered Level 1 of the Shoals
 21648 | Shoals:1 | Found Nistrapre's Overcharged Wands.
 21659 | Shoals:1 | Bought a wand of mindburst (30) for 630 gold pieces
 21659 | Shoals:1 | Bought a wand of digging (11) for 693 gold pieces
 22583 | Shoals:2 | Found an opulent altar of Gozag.
 23317 | Shoals:3 | HP: 3/143 [skyshark (20)]
 23320 | Shoals:3 | Mangled by a merfolk

Illustrated notes

Levels and vault maps discovered:
D:1:      dpeg_arrival_round_c, layout_basic, serial_shops, shop
D:2:      layout_loops_ring, basic_altar
D:3:      layout_loops_corners, shapermc_ecumenical_altar_ellora, uniq_sigmund,
          uniq_terence
D:4:      layout_basic
D:5:      layout_loops_corners, nicolae_sif_muna_little_library,
          minmay_temple_entry_arrows, minmay_misc_feat_encased,
          amcnicky_mini_pool_small, grunt_decor_one_mirror,
          dreamdust_mushroom_princess, uniq_blork_the_orc,
          uniq_crazy_yiuf_cottage
D:6:      layout_cave_pools
D:7:      layout_rooms, elyvilon_altar_4, serial_shops,
          nicolae_shop_bloodbath_and_beyond, shop, nicolae_shop_trees,
          nicolae_shop_industrial_runoff, shop
D:8:      layout_basic, minmay_fire_ice_demons, uniq_amaemon
D:9:      layout_cave_pools, nicolae_dithmenos_shadow_blocks,
          mainiacjoe_overflow_big_doors, lair_entry_dummy
D:10:     layout_roguey, hiddenorc2_lemuel
D:11:     layout_irregular_city, kennysheep_big_empty_room,
          grunt_decor_mini_mirrors, uniq_maurice, uniq_urug
D:12:     layout_roguey, gauntlet_entry_generic, portal_ice_cave_entry_imps,
          introduction_to_nature_2
D:13:     layout_grid_maze, minmay_crystal_room
D:14:     layout_layer_cave, david_vaults_2, chequers_serial_rivers_room_b
D:15:     grunt_enter_depths_hoard, layout_cave_pods, serial_shops,
          nicolae_shop_gaudy_bauble, shop, nicolae_kite_square_tiling_tiny,
          minmay_stone_trees_small, uniq_louise
Lair:1:   layout_roguey, wad_woods_river_03
Lair:2:   layout_cave_pods, minmay_shoals_entry_lonely_mermaid,
          grunt_megastairs_4, lemuel_fruit_fields
Lair:3:   dreamdust_isle_of_ice, layout_gridlike, spider_nest_entry_webs,
          roderic_batcave, st_stairs_13, lemuel_fruit_tree, grunt_megastairs_3,
          infiniplex_staircase_pool_2
Lair:4:   layout_gridlike, grunt_megastairs_5
Lair:5:   hangedman_lair_in_review, layout_small_grid, dpeg_slime_entry_corner
Shoals:1: layout_shoals, nicolae_shop_overcharged_wands
Shoals:2: layout_shoals, lemuel_oklob_altar
Shoals:3: argonaut_golden_fleece, layout_shoals, serial_shops, shop,
          ldierk_geyser
Orc:1:    layout_caves, serial_shops, nicolae_shop_just_a_little_nook,
          hellmonk_guarded_unrand_dark_maul, uniq_snorg
Orc:2:    grunt_orc_community_town_hall, layout_caves,
          grunt_orc_community_big_house_2, grunt_orc_community_big_house_1,
          grunt_orc_community_house_3, grunt_orc_community_house_3,
          grunt_orc_community_house_1, grunt_orc_community_house_3,
          grunt_orc_community_house_1, grunt_orc_community_house_1, uniq_nessos

Skill      XL: |  1  2  3  4  5  6  7  8  9 10 11 12 13 14 15 |
---------------+----------------------------------------------+-----
Fighting       | 4 5 6 7 9 10 12 13 15 | 15.8
Axes           | 4 5 6 7 8 10 12 14 16 18 20 21 | 21.2
Armour         | 3 4 5 7 8 9 11 12 13 15 16 | 16.4
Dodging        | 3 4 5 |  5.5
Stealth        | 1 2 4 |  4.3
Shields        | 2 4 5 6 7 |  7.3
Maces & Flails | 9 |  9.9

Action                     |  1- 3 |  4- 6 |  7- 9 | 10-12 | 13-15 || total
---------------------------+-------+-------+-------+-------+-------++-------
  Melee: Hand axe          |    87 |    22 |       |       |       ||   109
         Headbutt          |    14 |     6 |    43 |    73 |    62 ||   198
         War axe           |       |    32 |   206 |    78 |       ||   316
         Punch             |       |     1 |     1 |     1 |       ||     3
         Broad axe         |       |       |       |   105 |       ||   105
         Battleaxe         |       |       |       |   207 |   258 ||   465
         Maul              |       |       |       |       |   184 ||   184
 Invoke: Berserk           |       |     4 |     6 |     6 |     2 ||    18
         Brothers in Arms  |       |       |       |     2 |     9 ||    11
    Use: Scroll            |       |       |    19 |    10 |     7 ||    36
         Potion            |       |       |       |     3 |     6 ||     9
   Stab: Sleeping          |     1 |       |       |       |       ||     1
         Distracted        |       |       |       |       |     3 ||     3
         Petrifying        |       |       |       |       |     1 ||     1
 Armour: Animal skin       |     3 |       |       |       |       ||     3
         Ring mail         |     5 |       |       |       |       ||     5
         Scale mail        |    14 |       |       |       |       ||    14
         Chain mail        |       |    27 |    58 |       |       ||    85
         Plate armour      |       |       |    94 |   365 |   605 ||  1064
  Dodge: Dodged            |    57 |    13 |   105 |   194 |   480 ||   849
  Block: Other             |       |       |    31 |    91 |       ||   122
         Reflection        |       |       |       |     7 |       ||     7
